 Dungeon Crawl Stone Soup version 0.17-a0-725-gfa8c127 (console) character file.

10727 sose the Thaumaturge (level 11, -1/67 HPs)
             Began as a Deep Elf Conjurer on Apr 20, 2015.
             Was a Believer of Ashenzari.
             Slain by Snorg (14 damage)
             ... on level 9 of the Dungeon.
             The game lasted 00:57:38 (13578 turns).

sose the Thaumaturge (Deep Elf Conjurer)           Turns: 13578, Time: 00:57:38

Health: -1/67      AC: 12    Str:  7    XL:     11   Next: 40%
Magic:  3/29       EV: 13    Int: 22    God:    Ashenzari [**....]
Gold:   353        SH:  0    Dex: 15    Spells: 11 memorised, 1 level left

rFire  . . .     SeeInvis .     M - +1 whip (elec) (curse)
rCold  . . .     Clarity  .     a - +0 robe
rNeg   . . .     SustAb   .     (no shield)
rPois  +         Gourm    .     l - +0 helmet
rElec  .         Spirit   .     W - +2 cloak {rPois} (curse)
rCorr  +         Warding  .     B - +2 pair of gloves (curse)
rMut   .         Stasis   .     e - +2 pair of boots (curse)
MR     +....                    Y - amulet of resist corrosion (curse)
Stlth  +++.......               H - +5 ring of slaying (curse)
                                q - ring of wizardry (curse)

@: somewhat resistant to hostile enchantments, fairly stealthy
A: no striking features
a: Scrying, Renounce Religion


You were on level 9 of the Dungeon.
You worshipped Ashenzari.
Ashenzari was pleased with you.
You were not hungry.

You visited 3 branches of the dungeon, and saw 13 of its levels.
You also visited: Sewer and Ice Cave.

You collected 882 gold pieces.
You spent 529 gold pieces at shops.

Inventory:

Hand weapons
 n - the cursed +2 broad axe of the Snake Pit {chop, rF+ MR+}
   (You found it on level 11 of the Dungeon)

   It inflicts extra damage upon your enemies.
   It protects you from fire.
   It affects your resistance to hostile enchantments.
   It has a curse placed upon it.
 M - a cursed +1 whip of electrocution (weapon)
Armour
 a - a +0 robe (worn)
 e - a cursed +2 pair of boots (worn)
 l - a +0 helmet (worn)
 B - a cursed +2 pair of gloves (worn)
 W - a cursed +2 cloak of poison resistance (worn)
Jewellery
 c - an uncursed ring of protection from fire
 q - a cursed ring of wizardry (left hand)
 H - a cursed +5 ring of slaying (right hand)
 Y - a cursed amulet of resist corrosion (around neck)
Magical devices
 i - a wand of cold (4)
 k - a wand of enslavement (19)
 v - a wand of slowing (21)
 y - a wand of fireball (9)
 A - a wand of draining (10)
 K - a wand of lightning (10)
 P - a wand of paralysis (8)
Scrolls
 h - 7 scrolls of identify
 z - a scroll of summoning {unknown}
 F - 2 scrolls of recharging
 Q - a scroll of random uselessness {unknown}
 S - a scroll of fog {unknown}
 V - a scroll of enchant armour
Potions
 g - 3 potions of heal wounds
 m - a potion of agility {unknown}
 o - a potion of haste {unknown}
 p - a potion of restore abilities
 x - a potion of mutation {unknown}
 D - 3 potions of brilliance {unknown}
 E - a potion of cure mutation {unknown}
 I - a potion of lignification {unknown}
 J - a potion of poison {unknown}
 N - a potion of resistance
Miscellaneous
 C - a sack of spiders
Comestibles
 b - 9 bread rations


   Skills:
 + Level 7.2 Fighting
 - Level 2.1 Maces & Flails
 - Level 2.4 Dodging
 - Level 4.0 Stealth
 + Level 12.3 Spellcasting
 + Level 11.7 Conjurations
 - Level 5.1 Charms
 + Level 5.9 Summonings


You had one spell level left.
You knew the following spells:

 Your Spells              Type           Power        Failure   Level  Hunger
a - Magic Dart            Conj           ####         1%          1    None
b - Searing Ray           Conj           ######       1%          2    None
c - Dazzling Spray        Conj/Hex       #####...     1%          3    None
d - Iskenderun's Mystic   Conj           ######..     1%          4    None
e - Iskenderun's Battles  Conj/Chrm      ######..     1%          5    ####...
f - Summon Butterflies    Summ           #####...     1%          1    None
g - Apportation           Tloc           ##........   2%          1    None
h - Venom Bolt            Conj/Pois      #####.....   6%          5    ####...
i - Spellforged Servitor  Conj/Summ      ######....   67%         7    #######
j - Repel Missiles        Chrm/Air       ###...       1%          2    None
k - Swiftness             Chrm/Air       ###.....     1%          2    None


Dungeon Overview and Level Annotations

Branches:
Dungeon (11/15)            Temple (1/1) D:7            Lair (0/8) D:9
    Orc (1/4) D:9

Altars:
Ashenzari
Fedhas
Gozag
Nemelex Xobeh
Qazlal
Sif Muna
Trog
Yredelemnul
The Shining One

Shops:
D:7 (%*%   D:9 *   D:11 (

Annotations:
D:9 Snorg
Orc:1 Urug


Message History

Your battlesphere fires!
The barrage of energy hits Snorg.
Snorg is heavily wounded.
Snorg barely misses you. x3
Casting: Iskenderun's Mystic Blast
Confirm with . or Enter, or press ? or * to list all spells.
Aiming: Iskenderun's Mystic Blast
Press: ? - help, Shift-Dir - straight line, f/p - Snorg
Aim: Snorg (heavily wounded, berserk, fast, unusually strong, blind)
The orb of energy hits Snorg.
Snorg is heavily wounded.
The orb of energy explodes!
Your battlesphere fires!
The barrage of energy hits Snorg.
Snorg is severely wounded.
Snorg shouts!
Your battlesphere expends the last of its energy and dissipates.
Snorg closely misses you. x2
Snorg misses you. Snorg barely misses you. Snorg misses you. Snorg claws you!
You die...

#..........##........#
##.#######.##.######.# #.# #.##.#
###.# #####.# #.##.# #.#.#
####...#.# ####.##.####.#.######
..<......# #....................
...#.....# #########..#.#.######
...#.....##########.........#
...#.....>.)ยง..T@##.#..#.####
...#......#####.#......#.#
..........# #.#.#.#..#.#####
#######.#.# #.#...<........#
..####..#.# #.....#..#.###.#
........#.#######.#.#..#.###.####
..................#..............
>######.#...#####.###.######.##.#
.# #.###.#########.######.##.#


You could see Snorg (berserk).

Vanquished Creatures
  A hydra (D:11)
  Erica (D:8)
  An unseen horror (D:11)
  A cyclops (D:11)
  An orc knight (D:11)
  An ugly thing (D:10)
  A manticore (D:11)
  A guardian serpent (D:11)
  Maurice (D:8)
  A spriggan (D:8)
  A hungry ghost (D:11)
  A steam dragon (D:10)
  A hippogriff (D:9)
  4 yaks (D:9)
  A mottled dragon (D:11)
  Edmund (D:6)
  A water moccasin (D:10)
  7 ice beasts
  2 black bears
  4 ogres
  6 orc warriors
  A wasp (D:9)
  4 centaurs
  2 sky beasts
  A big kobold (D:10)
  A gnoll sergeant (D:8)
  9 giant frogs
  A wyvern skeleton (D:9)
  A scorpion (D:4)
  14 killer bees
  2 quasits
  A centaur zombie (D:11)
  5 crimson imps
  7 hounds
  3 orc priests
  2 jellies
  Crazy Yiuf (D:2)
  A giant frog skeleton (D:11)
  10 orc wizards
  A gnoll shaman (D:7)
  4 worker ants
  3 iguanas (D:4)
  11 adders
  6 gnolls (D:7)
  A shadow imp (D:9)
  A river rat (D:5)
  3 oozes
  A worm (D:2)
  8 giant geckos
  37 orcs
  9 bats
  11 giant cockroaches
  9 goblins
  14 hobgoblins
  4 jackals
  10 kobolds
  5 quokkas
  4 ball pythons
  9 giant newts
  A giant spore (D:10)
  24 rats
  2 ballistomycetes (D:10)
283 creatures vanquished.

Vanquished Creatures (others)
  An orc wizard (D:10)
  2 orcs (D:10)
  6 butterflies (D:11)
9 creatures vanquished.

Grand Total: 292 creatures vanquished

Notes
Turn   | Place    | Note
--------------------------------------------------------------
     0 | D:1      | sose, the Deep Elf Conjurer, began the quest for the Orb.
     0 | D:1      | Reached XP level 1. HP: 10/10 MP: 6/6
   172 | D:1      | Reached XP level 2. HP: 15/15 MP: 6/8
   184 | D:1      | Learned a level 2 spell: Searing Ray
   195 | D:1      | Reached skill level 5 in Conjurations
   620 | D:2      | Reached XP level 3. HP: 19/19 MP: 3/9
  1442 | D:2      | Reached XP level 4. HP: 24/24 MP: 7/12
  1522 | D:2      | Noticed Crazy Yiuf
  1529 | D:2      | Killed Crazy Yiuf
  1604 | D:2      | You fall through a shaft!
  1742 | D:3      | Reached skill level 6 in Conjurations
  1752 | D:3      | Learned a level 3 spell: Dazzling Spray
  1757 | D:3      | Learned a level 4 spell: Iskenderun's Mystic Blast
  2420 | D:4      | Found an opulent altar of Gozag.
  2557 | D:4      | Reached XP level 5. HP: 22/28 MP: 5/14
  2863 | D:4      | Found a glowing golden altar of the Shining One.
  2905 | D:4      | Reached skill level 5 in Spellcasting
  3126 | D:4      | Reached XP level 6. HP: 32/32 MP: 11/15
  3285 | D:4      | Reached skill level 7 in Conjurations
  3398 | D:5      | Entered Level 5 of the Dungeon
  3413 | D:5      | Found a glowing drain.
  3442 | Sewer    | Entered a sewer
  3524 | Sewer    | Learned a level 5 spell: Iskenderun's Battlesphere
  3641 | Sewer    | Reached skill level 1 in Charms
  4020 | D:5      | Reached XP level 7. HP: 33/36 MP: 5/16
  4138 | D:5      | Reached skill level 5 in Charms
  4694 | D:5      | Reached skill level 1 in Fighting
  5067 | D:6      | Noticed Edmund
  5071 | D:6      | Killed Edmund
  5071 | D:6      | Reached skill level 8 in Conjurations
  5082 | D:6      | Found a bloodstained altar of Trog.
  5096 | D:6      | Found a stormy altar of Qazlal.
  5099 | D:6      | Found a shattered altar of Ashenzari.
  5103 | D:6      | Became a worshipper of Ashenzari the Shackled
  5429 | D:6      | Found a sparkling altar of Nemelex Xobeh.
  5735 | D:6      | Reached XP level 8. HP: 42/44 MP: 15/20
  5826 | D:7      | Found Yla Zyjipn's Antique Weapon Shoppe.
  6022 | D:7      | Reached skill level 1 in Maces & Flails
  6190 | D:7      | Found Rotaodac's Food Emporium.
  6281 | D:7      | Found Cezufrir's Assorted Antiques.
  6288 | D:7      | Found Diviogry's Food Shoppe.
  6309 | D:7      | Learned a level 1 spell: Summon Butterflies
  6311 | D:7      | Learned a level 1 spell: Apportation
  6901 | D:7      | Found a staircase to the Ecumenical Temple.
  6911 | Temple   | Entered the Ecumenical Temple
  7038 | D:8      | Noticed Maurice
  7741 | D:8      | Noticed Erica
  7760 | D:8      | Killed Erica
  7760 | D:8      | Reached skill level 9 in Spellcasting
  7760 | D:8      | Reached XP level 9. HP: 39/52 MP: 12/24
  8114 | D:9      | Found a blossoming altar of Fedhas.
  8133 | D:9      | Found a staircase to the Lair.
  8444 | D:9      | Reached skill level 10 in Spellcasting
  8444 | D:9      | Reached skill level 10 in Conjurations
  8479 | D:9      | Reached skill level 5 in Fighting
  8624 | D:9      | Found Biphe's General Store.
  8646 | D:9      | Bought a scroll of remove curse for 33 gold pieces
  8677 | D:9      | Reached XP level 10. HP: 53/59 MP: 15/26
  8733 | D:9      | Found a staircase to the Orcish Mines.
  8962 | D:9      | Learned a level 5 spell: Venom Bolt
  8970 | D:9      | Learned a level 7 spell: Spellforged Servitor
  9305 | D:10     | Entered Level 10 of the Dungeon
  9342 | D:10     | Reached skill level 1 in Summonings
  9362 | D:10     | Acquired Ashenzari's first power
  9898 | D:10     | Noticed a cyan ugly thing
  9905 | D:10     | Killed a cyan ugly thing
  9905 | D:10     | Reached skill level 11 in Spellcasting
 10831 | D:11     | Found a frozen archway.
 10831 | D:11     | Noticed an orc knight
 10964 | D:11     | Killed an orc knight
 11043 | IceCv    | Entered an ice cave
 11057 | D:11     | HP: 3/61 [ice beast (7)]
 11204 | D:11     | Noticed a cyclops
 11216 | D:11     | Killed a cyclops
 11335 | D:11     | Reached XP level 11. HP: 63/66 MP: 20/28
 11358 | D:11     | Noticed a four-headed hydra
 11648 | D:11     | Reached skill level 5 in Summonings
 11653 | D:11     | HP: 2/66 [four-headed hydra (4)]
 12200 | D:11     | Killed a four-headed hydra
 12200 | D:11     | Reached skill level 12 in Spellcasting
 12228 | D:11     | Killed an unseen horror
 12424 | D:11     | Found Afal's Antique Weapon Boutique.
 12454 | D:11     | Identified the cursed +2 broad axe of the Snake Pit {chop, rF+ MR+}
 12590 | D:11     | Learned a level 2 spell: Repel Missiles
 12593 | D:11     | Learned a level 2 spell: Swiftness
 12667 | D:11     | Noticed a guardian serpent
 12674 | D:11     | Killed a guardian serpent
 13041 | D:8      | Killed Maurice
 13154 | D:7      | Bought a blackened zirconium amulet for 155 gold pieces
 13154 | D:7      | Bought a potion of heal wounds for 155 gold pieces
 13154 | D:7      | Bought a scroll of remove curse for 93 gold pieces
 13155 | D:7      | Bought a scroll of remove curse for 93 gold pieces
 13368 | Orc:1    | Entered Level 1 of the Orcish Mines
 13368 | Orc:1    | Noticed Urug
 13373 | Orc:1    | Noticed Snorg
 13578 | D:9      | Slain by Snorg

Action                   |  1- 3 |  4- 6 |  7- 9 | 10-12 || total
-------------------------+-------+-------+-------+-------++-------
Melee: Unarmed           |     1 |       |       |       ||     1
       Dagger            |    20 |       |       |       ||    20
       Quarterstaff      |       |    11 |       |       ||    11
       Trident           |       |     3 |       |       ||     3
       Dire flail        |       |       |    15 |       ||    15
       Whip              |       |       |    81 |    69 ||   150
 Cast: Magic Dart        |    60 |   101 |    86 |   157 ||   404
       Searing Ray       |     1 |     9 |    16 |     5 ||    31
       Iskenderun's Myst |       |     2 |    33 |    26 ||    61
       Iskenderun's Batt |       |     1 |     8 |    30 ||    39
       Dazzling Spray    |       |     1 |     1 |     5 ||     7
       Summon Butterflie |       |       |       |     4 ||     4
       Venom Bolt        |       |       |       |     3 ||     3
       Swiftness         |       |       |       |     1 ||     1
  Use: Scroll            |       |       |    15 |     9 ||    24
       Potion            |       |       |     7 |     3 ||    10
 Stab: Sleeping          |       |       |     7 |     1 ||     8
       Distracted        |       |       |       |     1 ||     1
  Eat: Chunk             |     2 |     8 |    10 |     6 ||    26
       Bread ration      |       |       |     1 |     3 ||     4
       Pizza             |       |       |     2 |       ||     2
       Royal jelly       |       |       |     1 |       ||     1
       Beef jerky        |       |       |       |     1 ||     1
